 Dungeon Crawl Stone Soup version 0.24.0 (webtiles) character file.

Game seed: 7805836773494745539, levelgen mode: deterministic

167720 Buxparty the Blocker (level 17, 0/108 HPs)
             Began as a Gargoyle Fighter on Feb 14, 2020.
             Was an Initiate of Gozag.
             Killed from afar by a deep elf sorcerer (36 damage)
             ... with damnation
             ... on level 3 of the Elven Halls.
             The game lasted 01:42:14 (29144 turns).

Buxparty the Blocker (Gargoyle Fighter)            Turns: 29144, Time: 01:42:14

Health: 0/108      AC: 53    Str: 36    XL:     17   Next: 93%
Magic:  24/24      EV: 18    Int: 21    God:    Gozag
Gold:   3644       SH: 26    Dex: 15    Spells: 16/16 levels left

rFire    . . .     SeeInvis .   a - +4 flail
rCold    . . .     Gourm    .   c - +4 shield
rNeg     + + .     Faith    .   L - +15 plate armour of the Sacrificial Victim {-Cast MR+ Regen+ Int+6}
rPois    ∞         Spirit   .   Z - +2 hat {Int+3}
rElec    +         Reflect  +   y - scarf {cloud immunity}
rCorr    .         Harm     .   C - +2 pair of gloves
MR       ++...     NoCast   +   p - +2 pair of boots
Stlth    ..........             j - +6 amulet of reflection
HPRegen  0.68/turn              r - ring "Keleleig" {*Drain +Blink +Inv rPois rN+}
MPRegen  0.19/turn              R - +5 ring of strength

@: mighty, brilliant, agile, liquid flames, glowing
A: big wings, dopey 1, negative energy resistance 1, electricity resistance,
wild magic 1, unbreathing, petrification resistance, rot immunity, AC +12
a: Fly, Potion Petition, Call Merchant, Bribe Branch, Renounce Religion, Evoke
Blink, Evoke Invisibility


You were on level 3 of the Elven Halls.
You worshipped Gozag.
Gozag was most pleased with you.
You were near starving.

You visited 5 branches of the dungeon, and saw 27 of its levels.
You also visited: Gauntlet.

You collected 10382 gold pieces.
You spent 3033 gold pieces at shops.
You paid 3705 gold pieces to Gozag.

Inventory:

Hand Weapons
 a - a +4 flail (weapon)
 b - a +3 hunting sling
Missiles
 g - 29 poisoned darts (quivered)
 k - 138 sling bullets
 G - 7 curare-tipped darts
 S - 4 silver javelins
Armour
 c - a +4 shield (worn)
 p - a +2 pair of boots (worn)
 y - a scarf of cloud immunity (worn)
 C - a +2 pair of gloves (worn)
 L - the +15 plate armour of the Sacrificial Victim (worn) {-Cast MR+ Regen+ Int+6}
   (You bought it in a shop on level 10 of the Dungeon)

   It affects your intelligence (+6).
   It affects your resistance to hostile enchantments.
   It prevents spellcasting.
   It increases your rate of regeneration.
 Z - a +2 hat of intelligence (worn)
Jewellery
 j - a +6 amulet of reflection (around neck)
 r - the ring "Keleleig" (left hand) {*Drain +Blink +Inv rPois rN+}
   (You found it in a Gauntlet)

   [ring of positive energy]

   It protects you from poison.
   It protects you from negative energy.
   It lets you turn invisible.
   It lets you blink.
   It causes draining when unequipped.
 v - a +3 ring of slaying {unknown}
 R - a +5 ring of strength (right hand)
Wands
 u - a wand of polymorph (27)
 A - a wand of flame (18)
 B - a wand of paralysis (20)
 E - a wand of scattershot (9)
 M - a wand of iceblast (16)
 Q - a wand of random effects (17)
 U - a wand of acid (27)
 W - a wand of clouds (4)
Scrolls
 d - 10 scrolls of remove curse
 e - 20 scrolls of teleportation
 h - 2 scrolls of magic mapping
 i - 4 scrolls of blinking
 s - 2 scrolls of fear
 t - 2 scrolls of silence
 D - 12 scrolls of identify
 H - 3 scrolls of fog
 J - 2 scrolls of amnesia
 Y - 4 scrolls of brand weapon {unknown}
Potions
 l - 2 potions of haste
 m - 3 potions of lignification
 n - 5 potions of might
 o - a potion of cancellation {unknown}
 q - 8 potions of curing
 w - 2 potions of ambrosia
 x - 2 potions of mutation
 I - 2 potions of brilliance
 T - 5 potions of agility
Miscellaneous
 P - 2 phantom mirrors
Comestibles
 f - 15 rations


   Skills:
 + Level 12.8 Fighting
 - Level 13.8 Maces & Flails
 - Level 11.5 Slings
 + Level 14.8 Armour
 + Level 7.3 Dodging
 + Level 14.9 Shields
 + Level 9.9 Evocations


You had 16 spell levels left.
You didn't know any spells.
Your spell library contained the following spells:

 Spells                   Type           Power        Failure   Level  Hunger
 Animate Skeleton         Necr           N/A          11%         1    ##.....
 Beastly Appendage        Tmut           ###...       11%         1    ##.....
 Confusing Touch          Hex            ###...       11%         1    ##.....
 Corona                   Hex            ###....      11%         1    ##.....
 Freeze                   Ice            ###.         11%         1    ##.....
 Pain                     Necr           ###.         11%         1    ##.....
 Sandblast                Erth           ###...       11%         1    ##.....
 Shock                    Conj/Air       ###.         11%         1    ##.....
 Summon Small Mammal      Summ           ###.         11%         1    ##.....
 Call Imp                 Summ           ###.....     16%         2    ###....
 Corpse Rot               Necr           N/A          16%         2    ###....
 Ensorcelled Hibernation  Hex/Ice        ###...       16%         2    ###....
 Passwall                 Tmut/Erth      ###.....     16%         2    ###....
 Poisonous Vapours        Pois/Air       ###...       16%         2    ###....
 Sticks to Snakes         Tmut           ###.....     16%         2    ###....
 Throw Frost              Conj/Ice       ###...       16%         2    ###....
 Call Canine Familiar     Summ           ###.....     26%         3    ####...
 Confuse                  Hex            ###.....     26%         3    ####...
 Conjure Flame            Conj/Fire      ###.....     26%         3    ####...
 Dazzling Spray           Conj/Hex       ###...       26%         3    ####...
 Gell's Gravitas          Tloc           ###.......   26%         3    ####...
 Ignite Poison            Fire/Tmut/Pois ###.....     26%         3    ####...
 Lesser Beckoning         Tloc           ###.......   26%         3    ####...
 Mephitic Cloud           Conj/Pois/Air  ###.....     26%         3    ####...
 Ozocubu's Armour         Chrm/Ice       ###.....     26%         3    ####...
 Portal Projectile        Hex/Tloc       ###...       26%         3    ####...
 Recall                   Summ/Tloc      N/A          26%         3    ####...
 Regeneration             Chrm/Necr      ###.......   26%         3    ####...
 Spider Form              Tmut/Pois      ###.......   26%         3    ####...
 Stone Arrow              Conj/Erth      ###...       26%         3    ####...
 Summon Guardian Golem    Hex/Summ       ###.....     26%         3    ####...
 Teleport Other           Tloc           ###.....     26%         3    ####...
 Tukima's Dance           Hex            ###.....     26%         3    ####...
 Animate Dead             Necr           N/A          58%         4    #####..
 Cause Fear               Hex            ###.......   58%         4    #####..
 Force Lance              Conj/Tloc      ###.....     58%         4    #####..
 Ice Form                 Ice/Tmut       ###.....     58%         4    #####..
 Leda's Liquefaction      Hex/Erth       ###.......   58%         4    #####..
 Petrify                  Tmut/Erth      ###.....     58%         4    #####..
 Summon Ice Beast         Ice/Summ       ###.....     58%         4    #####..
 Summon Lightning Spire   Summ/Air       ###.....     58%         4    #####..
 Throw Icicle             Conj/Ice       ###.....     58%         4    #####..
 Agony                    Necr           ###.....     86%         5    ######.
 Alistair's Intoxication  Tmut/Pois      ###.....     86%         5    ######.
 Blade Hands              Tmut           ###.......   86%         5    ######.
 Bolt of Draining         Conj/Necr      ###.......   86%         5    ######.
 Bolt of Magma            Conj/Fire/Erth ###.......   86%         5    ######.
 Dispel Undead            Necr           ###.....     86%         5    ######.
 Excruciating Wounds      Chrm/Necr      ###.......   86%         5    ######.
 Iskenderun's Battlesphe  Conj/Chrm      ###.....     86%         5    ######.
 Lee's Rapid Deconstruct  Erth           ###.......   86%         5    ######.
 Metabolic Englaciation   Hex/Ice        ###.......   86%         5    ######.
 Venom Bolt               Conj/Pois      ###.......   86%         5    ######.
 Yara's Violent Unravell  Hex/Tmut       ###.......   86%         5    ######.
 Darkness                 Hex            ###.......   100%        6    #######
 Death Channel            Necr           ###.......   100%        6    #######
 Freezing Cloud           Conj/Ice/Air   ###.......   100%        6    #######
 Iron Shot                Conj/Erth      ###.......   100%        6    #######
 Ozocubu's Refrigeration  Ice            ###.......   100%        6    #######
 Malign Gateway           Summ/Tloc      ###.......   100%        7    #######
 Orb of Destruction       Conj           ###.......   100%        7    #######
 Ring of Flames           Chrm/Fire      ###.......   100%        7    #######
 Spellforged Servitor     Conj/Summ      ###.......   100%        7    #######
 Shatter                  Erth           ###.......   100%        9    #######
 Sublimation of Blood     Necr           Unusable     N/A         2    N/A
 Statue Form              Tmut/Erth      Unusable     N/A         6    N/A

Dungeon Overview and Level Annotations

Branches:
Dungeon (15/15)            Temple (1/1) D:4            Lair (6/6) D:10
  Swamp (0/4) Lair:3        Snake (0/4) Lair:3        Slime (0/5) Lair:6
    Orc (2/2) D:11            Elf (3/3) Orc:2        Vaults (0/5) D:14
 Depths (0/5) D:15        Gauntlet (visited)

Altars:
Ashenzari
Cheibriados
Dithmenos
Elyvilon
Fedhas
Gozag
Hepliaklqana
Kikubaaqudgha
Makhleb
Nemelex Xobeh
Okawaru
Qazlal
Ru
Sif Muna
Trog
Uskayaw
Vehumet
Wu Jian
Xom
Yredelemnul
Zin
The Shining One
Jiyva

Shops:
D:10 [(}(   Orc:2 ([[(?(}(

Annotations:
D:11 2 transporters, DadFather's ghost, journeyman CeHu
Elf:1 3 runed translucent doors, SirPussy's ghost, journeyman FeFi; Taxman66's ghost, adept KoBe; rrossfarrar's ghost, adept FeBe


Innate Abilities, Weirdness & Mutations

You are resistant to torment.
Your stone body is resilient. (AC +12)
You are immune to poison.
Your large and strong wings let you fly indefinitely.
You resist negative energy. (rN+)
You are resistant to electric shocks. (rElec)
You can survive without breathing.
You are immune to petrification.
You are immune to rotting.
You are dopey. (Int -2)
Your spells are a little harder to cast, but a little more powerful.


Message History

You feel very mighty all of a sudden.
You feel agile all of a sudden.
You feel clever all of a sudden.
The deep elf demonologist gestures wildly while chanting.
The deep elf annihilator gestures wildly while chanting.
The deep elf annihilator blinks!
The deep elf sorcerer seems less brilliant.
The deep elf annihilator seems less brilliant.
The deep elf sorcerer gestures at you while chanting.
The bolt of acid misses you.
The deep elf sorcerer is empowered by something's aura!
The smoke demon gestures at you.
The sticky flame hits you but does no damage.
You are covered in liquid flames!
A deep elf death mage comes into view. It is wielding a +0 dagger.
You are covered in liquid flames!
The deep elf death mage is empowered by something's aura!
The deep elf sorcerer points at you and mumbles some strange words.
The sphere of damnation explodes!
The damnation engulfs you!!!
You die...
Your body crumbles into a pile of gold. ee1

######e######
.#...≈≈e≈§...## #
.....§≈.≈≈e.... ##
$$$ #..e§32§≈...# #)
$$$ #..e≈§e≈≈e..# #.
$$$ ######.###### #.
#.# ## $ #@# $ $$$ $
# $ #.# $ $ $ $ $
#.# $ $ $ $ $ #.# $
$ $ $ # ##.## #
##...## #
#..#..#############
##
#.###.............#
.#########
##(.#..###########.#


You could see a green death, a deep elf death mage, a deep elf sorcerer, a deep
elf elementalist and a smoke demon.

Vanquished Creatures
  A deep elf blademaster (Elf:2)
  Gastronok (Lair:2)
  2 deep elf sorcerers
  A stone giant (Orc:2)
  A minotaur (Gauntlet)
  4 deep elf death magi
  4 vault guards (D:14)
  Harold (D:7)
  13 hydras
  5 catoblepae
  16 two-headed ogres
  5 death yaks (Lair:6)
  2 ogre magi (Orc:2)
  2 tengu warriors
  Nergalle (Lair:2)
  Sonja (Lair:2)
  10 deep elf knights
  2 deep trolls (Orc:2)
  6 unseen horrors
  A wizard (D:15)
  A wolf spider zombie (D:15)
  48 deep elf magi
  2 necromancers
  11 deep elf archers
  5 manticores
  7 ugly things
  An oklob plant (Lair:1)
  5 orc sorcerers
  5 centaur zombies
  4 cyclopes
  5 black mambas
  9 elephants
  5 naga magi
  A molten gargoyle (Lair:3)
  2 torpor snails
  8 spiny frogs
  3 kobold demonologists
  2 minotaur zombies (Gauntlet)
  2 efreet
  2 rime drakes
  A rime drake (shapeshifter) (D:13)
  4 komodo dragons
  A queen bee (Lair:3)
  2 ice devils (D:11)
  15 trolls
  2 meliai (D:14)
  A jumping spider (shapeshifter) (D:15)
  4 hornets
  A polar bear (Lair:3)
  Grinder (D:4)
  8 hippogriffs
  A raiju (Gauntlet)
  6 slime creatures
  A harpy skeleton (D:15)
  10 dream sheep
  12 blink frogs
  2 shadows
  Sigmund (D:5)
  2 vampires
  5 wyverns
  A centaur simulacrum (D:15)
  3 wraiths
  2 water elementals
  2 air elementals
  62 yaks
  A human (D:9)
  A human (shapeshifter) (D:13)
  5 basilisks
  6 fire elementals
  5 vampire mosquitoes (Lair:3)
  A steam dragon (D:15)
  4 hungry ghosts
  A large abomination (Elf:1)
  12 water moccasins
  6 wargs
  An acid dragon (D:15)
  7 porcupines
  A black bear (D:10)
  7 ice beasts
  5 sky beasts
  A hornet zombie (D:10)
  2 necrophages
  14 orc warriors
  2 phantoms
  4 eyes of draining
  14 wolves
  28 ogres
  A boggart (D:14)
  7 centaurs
  10 crocodiles
  A centaur (shapeshifter) (D:13)
  5 big kobolds
  Blork the orc (D:4)
  25 bullfrogs
  5 elf zombies (Elf:1)
  An earth elemental (Elf:3)
  4 scorpions
  25 killer bees (Lair:3)
  2 howler monkeys
  8 wights (D:11)
  An electric eel (Lair:3)
  5 lava snakes (Lair:3)
  3 crimson imps
  A wyvern simulacrum (D:15)
  3 quasits
  3 bullfrog zombies
  4 centaur skeletons
  18 orc priests
  29 orc wizards
  2 bullfrog skeletons
  A gnoll shaman (D:4)
  6 hounds
  8 jellies
  4 iguanas
  2 lightning spires (Gauntlet)
  10 worker ants
  A hound zombie (D:5)
  2 hound skeletons
  2 worker ant zombies
  4 gnolls
  17 adders
  4 shadow imps
  2 oozes
  An adder zombie (D:9)
  2 adder skeletons
  3 worms
  3 dart slugs
  3 leopard geckos
  64 orcs
  3 ball pythons
  8 bats
  2 giant cockroaches
  9 goblins
  6 hobgoblins
  17 jackals
  A quokka (D:6)
  6 frilled lizards
  20 kobolds
  2 quokka zombies
  8 rats
  A fungus (Lair:1)
871 creatures vanquished.

Vanquished Creatures (others)
  27 dancing weapons
  A centaur warrior (D:14)
  2 deep elf knights (Elf:2)
  3 deep elf archers
  A cyclops (Orc:2)
  A molten gargoyle (Lair:3)
  9 centaurs
  A bullfrog (D:14)
  A scorpion (D:14)
  A jelly (D:14)
  An orc (D:9)
  A kobold (D:12)
  3 fungi (Gauntlet)
  6 plants
58 creatures vanquished.

Grand Total: 929 creatures vanquished

Notes
Turn   | Place    | Note
-------+----------+-------------------------------------------
     0 | D:1      | Buxparty the Gargoyle Fighter began the quest for the Orb.
     0 | D:1      | Reached XP level 1. HP: 14/14 MP: 1/1
   109 | D:1      | Reached XP level 2. HP: 13/19 MP: 2/2
   484 | D:1      | Reached XP level 3. HP: 23/23 MP: 3/3
   952 | D:2      | Reached XP level 4. HP: 22/29 MP: 4/4
  1294 | D:3      | Found a faded altar of an unknown god.
  1364 | D:3      | Reached XP level 5. HP: 25/33 MP: 5/5
  1585 | D:3      | Found a hide-covered altar of Uskayaw.
  1902 | D:3      | Found an ancient bone altar of Kikubaaqudgha.
  1902 | D:3      | Found a blossoming altar of Fedhas.
  1903 | D:3      | Found a sparkling altar of Nemelex Xobeh.
  2001 | D:4      | Noticed Grinder
  2001 | D:4      | Paralysed by Grinder for 5 turns
  2029 | D:4      | Paralysed by Grinder for 4 turns
  2043 | D:4      | Paralysed by Grinder for 5 turns
  2056 | D:4      | Paralysed by Grinder for 4 turns
  2069 | D:4      | Killed Grinder
  2069 | D:4      | Reached XP level 6. HP: 19/39 MP: 6/6
  2265 | D:4      | Found a staircase to the Ecumenical Temple.
  2274 | Temple   | Entered the Ecumenical Temple
  2303 | Temple   | Became a worshipper of Gozag Ym Sagoz the Greedy
  2426 | D:4      | Reached XP level 7. HP: 44/44 MP: 7/7
  2485 | D:4      | Noticed Blork the orc
  2491 | D:4      | Killed Blork the orc
  2491 | D:4      | Reached skill level 5 in Maces & Flails
  2925 | D:5      | Entered Level 5 of the Dungeon
  2957 | D:5      | Reached skill level 5 in Fighting
  2957 | D:5      | Reached skill level 5 in Shields
  2976 | D:5      | Reached skill level 5 in Armour
  3074 | D:5      | Noticed Sigmund
  3281 | D:4      | Reached XP level 8. HP: 45/50 MP: 8/8
  3415 | D:5      | Killed Sigmund
  3556 | D:5      | Reached skill level 1 in Slings
  3880 | D:5      | You fall into a shaft and drop 1 floor!
  4149 | D:6      | Reached XP level 9. HP: 55/55 MP: 9/9
  4200 | D:6      | You fall into a shaft and drop 1 floor!
  4531 | D:6      | Found a radiant altar of Vehumet.
  4678 | D:5      | Found a shattered altar of Ashenzari.
  4723 | D:5      | Found a shimmering altar of Xom.
  4723 | D:5      | Found a snail-covered altar of Cheibriados.
  4724 | D:5      | Found a shadowy altar of Dithmenos.
  4724 | D:5      | Found a white marble altar of Elyvilon.
  5121 | D:7      | Noticed Harold
  5147 | D:7      | Killed Harold
  5148 | D:7      | Found an ancient bone altar of Kikubaaqudgha.
  5936 | D:8      | Reached XP level 10. HP: 63/63 MP: 10/10
  6141 | D:8      | Noticed a two-headed ogre
  6153 | D:8      | Killed a two-headed ogre
  7038 | D:9      | Noticed a two-headed ogre
  7051 | D:9      | Killed a two-headed ogre
  7203 | D:9      | Noticed a catoblepas
  7229 | D:9      | Killed a catoblepas
  7229 | D:9      | Reached skill level 10 in Maces & Flails
  7229 | D:9      | Reached XP level 11. HP: 25/68 MP: 3/11
  7740 | D:9      | Reached skill level 5 in Slings
  8087 | D:9      | Noticed a two-headed ogre
  8104 | D:9      | Killed a two-headed ogre
  8254 | D:9      | Identified Lowesh's Handbook of Dislocation
  8278 | D:10     | Entered Level 10 of the Dungeon
  8292 | D:10     | Found a staircase to the Lair.
  8885 | D:10     | Found a white marble altar of Elyvilon.
  9185 | D:10     | Noticed a manticore
  9210 | D:10     | Killed a manticore
  9578 | D:11     | Found a staircase to the Orcish Mines.
  9851 | D:11     | Noticed a two-headed ogre
  9882 | D:11     | Killed a two-headed ogre
  9882 | D:11     | Reached XP level 12. HP: 29/76 MP: 12/12
  9957 | D:11     | Found a transporter.
 10047 | D:11     | Noticed a sphinx
 10047 | D:11     | Noticed DadFather's ghost (journeyman CeHu)
 10048 | D:11     | Found a transporter.
 10577 | D:11     | HP: 2/77 [ice devil (18)]
 11368 | D:12     | Reached skill level 10 in Shields
 11496 | D:12     | Reached skill level 10 in Fighting
 11496 | D:12     | Reached skill level 10 in Armour
 11785 | D:12     | Noticed an eight-headed hydra
 12042 | Lair:1   | Entered Level 1 of the Lair of Beasts
 12047 | D:10     | Bought the +15 plate armour of the Sacrificial Victim
                  | {-Cast MR+ Regen+ Int+6} for 1556 gold pieces
 12367 | Lair:1   | Noticed a six-headed hydra
 12375 | Lair:1   | Killed a six-headed hydra
 12739 | Lair:1   | Reached XP level 13. HP: 58/83 MP: 13/13
 12940 | Lair:2   | Reached skill level 1 in Evocations
 13012 | Lair:2   | Noticed Sonja
 13021 | Lair:2   | Noticed Nergalle
 13024 | Lair:2   | Killed Sonja
 13035 | Lair:2   | Noticed Gastronok
 13046 | Lair:2   | Killed Nergalle
 13135 | Lair:2   | Killed Gastronok
 14312 | Lair:3   | Found a staircase to the Swamp.
 14584 | Lair:3   | Gained mutation: You are dopey. (Int -2) [potion of
                  | mutation]
 14584 | Lair:3   | Gained mutation: Your spells are a little harder to cast,
                  | but a little more powerful. [potion of mutation]
 14779 | Lair:3   | Found a staircase to the Snake Pit.
 14883 | Lair:3   | Got a smoking chain mail
 14884 | Lair:3   | Identified the cursed +1 chain mail of Okawaru's Outrage
                  | {rN+ MR+} (You found it on level 3 of the Lair of Beasts)
 15710 | Lair:4   | You fall into a shaft and drop 1 floor!
 15717 | Lair:5   | Gained mutation: Your large and strong wings let you fly
                  | indefinitely. [Gargoyle growth]
 15717 | Lair:5   | Reached XP level 14. HP: 54/90 MP: 16/16
 16495 | Lair:6   | Entered Level 6 of the Lair of Beasts
 17184 | Lair:6   | Reached skill level 5 in Evocations
 17630 | Lair:6   | Found a staircase to the Slime Pits.
 17630 | Lair:6   | Found a viscous altar of Jiyva.
 18919 | D:10     | Bought a glowing dire flail for 210 gold pieces
 18919 | D:10     | Bought a dazzling demon blade for 600 gold pieces
 18919 | D:10     | Identified the +7 demon blade "Qafutt" {vamp, rElec MR+}
                  | (You bought it in a shop on level 10 of the Dungeon)
 19010 | D:12     | Reached XP level 15. HP: 88/96 MP: 19/19
 19349 | D:12     | Reached skill level 1 in Dodging
 19410 | D:12     | Identified the Tome of Burning Talismans
 19423 | D:12     | Identified the Papyrus of the Glacier and Augmentations
 19473 | D:12     | Found a shimmering blue altar of Sif Muna.
 19518 | D:12     | Noticed a deep elf sorcerer
 19537 | D:12     | Killed a deep elf sorcerer
 19617 | D:12     | Identified Kiolenud's Reference Book on Envenoming and
                  | Translocation
 19619 | D:12     | Identified the Compendium of Twisted Weightlessness
 19634 | D:12     | Identified Veucogoa's Compendium of Enchantment
 20582 | D:13     | You fall into a shaft and drop 2 floors!
 20582 | D:15     | Entered Level 15 of the Dungeon
 20983 | D:15     | Reached skill level 10 in Slings
 21259 | D:15     | Found a staircase to the Depths.
 22036 | D:15     | Reached XP level 16. HP: 88/101 MP: 2/21
 22445 | D:14     | Found a gate to the Vaults.
 23446 | D:13     | You fall into a shaft and drop 1 floor!
 23736 | Orc:1    | Entered Level 1 of the Orcish Mines
 24060 | Orc:2    | Entered Level 2 of the Orcish Mines
 24069 | Orc:2    | Found Teor's Weapon Emporium.
 24329 | Orc:2    | Found Owneypi's Antique Armour Shoppe.
 24337 | Orc:2    | Found Juwum's Armour Shoppe.
 24344 | Orc:2    | Found a gate leading to a gauntlet.
 24360 | Gauntlet | Entered a Gauntlet
 24360 | Gauntlet | Found a transporter.
 24360 | Gauntlet | Found a transporter.
 24360 | Gauntlet | Found a transporter.
 24361 | Gauntlet | Found a transporter.
 24364 | Gauntlet | Found a transporter.
 24377 | Gauntlet | Found a transporter.
 24387 | Gauntlet | Found a transporter.
 24402 | Gauntlet | Found a transporter.
 24412 | Gauntlet | Found a transporter.
 24427 | Gauntlet | Found a transporter.
 24433 | Gauntlet | Found a transporter.
 24447 | Gauntlet | Found a transporter.
 24589 | Gauntlet | Got a flickering wooden ring
 24869 | Orc:2    | Found a staircase to the Elven Halls.
 24913 | Orc:2    | Found Teohoqyev's Antique Weapon Boutique.
 24973 | Orc:2    | Reached skill level 5 in Dodging
 25341 | Orc:2    | Found Souwobuj's Weapon Boutique.
 25355 | Orc:2    | Found Wuropt's Magic Scroll Emporium.
 25363 | Orc:2    | Found Dic Bam's Gadget Shop.
 25371 | Orc:2    | Bought a phantom mirror for 480 gold pieces
 25457 | Orc:2    | Found Mysyet's Antique Weapon Shoppe.
 25460 | Orc:2    | Bought an ancient flail for 187 gold pieces
 25473 | Orc:2    | Identified the ring "Keleleig" {*Drain +Blink +Inv rPois
                  | rN+} (You found it in a Gauntlet)
 25479 | Orc:2    | Identified the cursed +0 flail of the Bear {vamp, rN+ SInv}
                  | (You bought it in a shop on level 2 of the Orcish Mines)
 25663 | Elf:1    | Entered Level 1 of the Elven Halls
 25986 | Elf:1    | Identified the Handbook of Sinister Arts
 26198 | Elf:1    | Reached XP level 17. HP: 106/106 MP: 23/23
 26451 | Elf:1    | Found a runed translucent gate.
 26451 | Elf:1    | Found a runed translucent gate.
 26452 | Elf:1    | Found a runed translucent gate.
 26453 | Elf:1    | Noticed Taxman66's ghost (adept KoBe)
 26453 | Elf:1    | Noticed SirPussy's ghost (journeyman FeFi)
 26453 | Elf:1    | Noticed rrossfarrar's ghost (adept FeBe)
 27448 | Elf:2    | Found a huge runed translucent gate.
 27448 | Elf:2    | Found a huge runed translucent gate.
 27448 | Elf:2    | Found a huge runed translucent gate.
 27448 | Elf:2    | Found a huge runed translucent gate.
 27451 | Elf:2    | Found a huge runed translucent gate.
 28367 | Elf:2    | Noticed a deep elf blademaster
 28389 | Elf:2    | Killed a deep elf blademaster
 28482 | Elf:3    | Entered Level 3 of the Elven Halls
 29144 | Elf:3    | Noticed a Brimstone Fiend
 29144 | Elf:3    | Killed from afar by a deep elf sorcerer

Levels and vault maps discovered:
D:1:      evilmike_arrival_crescent, layout_basic,
          ebering_dispersal_statue_hall, minmay_close_crescents
D:2:      layout_basic
D:3:      layout_basic, eat_drink_and_be_merry_uskayaw,
          gammafunk_temple_overflow_claw,
          chequers_ecumenical_altar_simple_redux, first_ration
D:4:      layout_rooms, minmay_temple_entry_gardened_gates, uniq_grinder,
          uniq_blork_the_orc
D:5:      cheibrodos_quashed, layout_cave_pools,
          grunt_temple_overflow_cloverleaf, marbit_many_paths,
          kennysheep_small_square, uniq_sigmund
D:6:      layout_basic, kennysheep_mini
D:7:      layout_basic, basic_altar, uniq_harold
D:8:      layout_layer_cave
D:9:      minmay_octagon_keep, layout_basic, grunt_pizzeria
D:10:     layout_loops_ring, erik_lair_orcish_takeover, elyvilon_altar_3
D:11:     layout_long_grid, david_orc_1_choice, gammafunk_ghost_arena,
          portal_ice_cave_demonic_guard
D:12:     evilmike_library_of_no_secrets, layout_irregular_city
D:13:     minmay_blocking_statues, layout_layer_cave
D:14:     layout_rooms, lightli_vaults_fourway_checkpoint, serial_glass,
          glass_columns_c, glass_columns_c, chequers_decorated_corner
D:15:     grunt_enter_depths_magical_seal, layout_loops_ring, minivault_23
Temple:   minmay_temple_bridge_abc
Lair:1:   layout_regular_city, minmay_lair_oklob_items
Lair:2:   minmay_lair_venomous_thicket, layout_small_grid,
          grunt_forest_small_clearings, grunt_megastairs_3, uniq_nergalle,
          uniq_gastronok, uniq_sonja
Lair:3:   cheibrodos_magma_flow, layout_layer_cave, minmay_swamp_entry_swarm,
          dummy_snake_entry, special_room [special_room_bee], grunt_megastairs_4
Lair:4:   layout_cave_pods
Lair:5:   layout_concentric_octagons
Lair:6:   evilmike_catoblepas_cave, layout_regular_city, slime_altar_1,
          hibernation_bobbens
Orc:1:    layout_diamond_mine, mines1_david
Orc:2:    st_orc_open, layout_diamond_mine, gauntlet_entry_generic,
          serial_shops, nicolae_shop_behind_doors, shop, shop,
          nicolae_shop_trees
Elf:1:    layout_geoelf_grid, gammafunk_ghost_cemetery, minmay_elf_necromancy,
          feat_on_display
Elf:2:    layout_geoelf_diagonals
Elf:3:    elf_hall_gauntlet_narrow, layout_geoelf_octagon, serial_shops,
          freezing_bzr
